 Dungeon Crawl Stone Soup version 0.19.6-3-g7d5932f76a (webtiles) character file.

4003 Morbidden the Carver (level 10, -5/67 HPs)
             Began as a High Elf Fighter on Oct 31, 2020.
             Was a Believer of Cheibriados.
             Slain by an orc warrior
             ... wielding a +0 broad axe
              (18 damage)
             ... in a bailey.
             The game lasted 00:23:12 (10274 turns).

Morbidden the Carver (High Elf Fighter)            Turns: 10274, Time: 00:23:13

Health: -5/67      AC: 14    Str: 28    XL:     10   Next: 3%
Magic:  13/13      EV: 12    Int: 21    God:    Cheibriados [**....]
Gold:   372        SH: 12    Dex: 27    Spells: 0 memorised, 9 levels left

rFire  + . .     SeeInvis .     p - +0 scimitar
rCold  + . .     Gourm    .     g - +0 plate armour
rNeg   . . .     Faith    .     c - +0 shield
rPois  +         Spirit   .     n - +0 helmet
rElec  +         Reflect  .     (no cloak)
rCorr  +         Harm     .     r - +0 pair of gloves
MR     +....                    (no boots)
Stlth  ..........               (no amulet)
                                (no ring)
                                s - ring of wizardry

@: mighty, brilliant, agile, resistant, very slow
A: no striking features
a: Bend Time, Renounce Religion


You were in a bailey.
You worshipped Cheibriados.
Cheibriados was pleased with you.
You were not hungry.

You visited 2 branches of the dungeon, and saw 9 of its levels.
You also visited: Ossuary and Bailey.

You collected 372 gold pieces.

Inventory:

Hand Weapons
 p - a +0 scimitar (weapon)
Missiles
 a - 35 tomahawks of returning (quivered)
Armour
 c - a +0 shield (worn)
 g - a +0 plate armour (worn)
 n - a +0 helmet (worn)
 r - a +0 pair of gloves (worn)
Jewellery
 s - a ring of wizardry (left hand)
Wands
 b - a wand of iceblast (8/15)
 u - a wand of lightning (3/15)
 w - a wand of confusion (0/48)
 B - a wand of digging (14/24)
Scrolls
 e - 6 scrolls of remove curse
 m - 4 scrolls of fear
 q - a scroll of random uselessness
 x - 3 scrolls of teleportation
 y - a scroll of enchant weapon
Potions
 h - 2 potions of magic
 i - a potion of beneficial mutation
 l - 2 potions of agility
 o - a potion of cure mutation
 v - a potion of flight
 z - a potion of cancellation
Comestibles
 f - 10 bread rations
 A - 3 meat rations
 C - 4 chunks of flesh


   Skills:
 + Level 5.6 Fighting
 * Level 12.4 Long Blades
 + Level 5.3 Armour
 + Level 2.5 Dodging
 + Level 6.0 Shields
 * Level 2.9 Invocations
 + Level 0.2 Evocations


You had 9 spell levels left.
You didn't know any spells.

Dungeon Overview and Level Annotations

Branches:
Dungeon (8/15)             Temple (1/1) D:6
   Lair: D:8-11

Altars:
Ashenzari
Cheibriados
Dithmenos
Fedhas
Gozag
Kikubaaqudgha
Makhleb
Nemelex Xobeh
Okawaru
Qazlal
Ru
Sif Muna
Vehumet
Xom
Zin
The Shining One

Annotations:
D:3 Ijyb; Xiguana's ghost, weakling HESu
D:5 1 runed door


Message History

The orc warrior is almost dead.
You block the orc warrior's attack. You block the hobgoblin's attack.
The orc warrior hits you with a war axe!
* * * LOW HITPOINT WARNING * * *
Unknown command.
You barely miss the orc warrior.
The orc warrior is almost dead.
The orc warrior barely misses you.
Unknown command.
You slash the orc warrior!
You kill the orc warrior!
Cheibriados appreciates the change of pace.
Your Shields skill increases to level 6!
You block the hobgoblin's attack.
Unknown command.
Unknown command.
You feel agile all of a sudden. You block the hobgoblin's attack.
The orc warrior hits you with a broad axe!!
You die...

#.###≈≈.......≈≈###.#
#^' +≈≈.......≈≈'.'^#
### #≈≈.......≈≈#####
##≈.......≈##
####'''#### ##..)..##
#∩(...(∩# #.)o8...#
##@g...## ###'###
#...# .......
...........
.......o.......
........o......
#.............#
###.[!....$.###


You could see an orc warrior and a hobgoblin.

Vanquished Creatures
  Grinder (D:5)
  A spriggan (D:7)
  A hungry ghost (D:7)
  Duvessa (D:5)
  4 phantoms
  4 orc warriors
  3 sky beasts
  3 black bears
  An ogre (D:6)
  A necrophage (D:7)
  A centaur (D:6)
  Dowan (D:5)
  An elf zombie (Ossuary)
  A wyvern skeleton (D:6)
  2 scorpions
  3 wights (D:7)
  6 killer bees (D:6)
  A vampire bat (D:5)
  A howler monkey (D:6)
  2 crimson imps
  3 centaur zombies (Ossuary)
  A bullfrog skeleton (D:7)
  2 hounds
  A human zombie (Ossuary)
  2 jellies
  2 orc priests
  2 orc wizards
  Terence (D:2)
  2 iguanas
  5 worker ants
  A killer bee zombie (D:5)
  2 big kobold zombies (Ossuary)
  2 hound zombies (Ossuary)
  3 mummies (Ossuary)
  Robin (D:2)
  6 adders
  3 gnolls (D:4)
  2 shadow imps
  3 oozes
  6 adder zombies
  3 worms
  4 dart slugs
  3 fire bats (D:5)
  4 leopard geckos
  12 orcs
  2 spectral bats (D:5)
  2 ball pythons (D:2)
  16 bats
  3 bat skeletons (D:5)
  A bat zombie (D:5)
  4 giant cockroaches
  15 goblins
  9 hobgoblins
  8 jackals
  5 quokkas
  A bat simulacrum (D:5)
  4 frilled lizards
  2 goblin zombies (Ossuary)
  3 hobgoblin zombies (Ossuary)
  3 jackal zombies (Ossuary)
  22 kobolds
  4 kobold zombies (Ossuary)
  2 orc zombies (Ossuary)
  3 quokka zombies (Ossuary)
  5 rats
  6 rat zombies (Ossuary)
235 creatures vanquished.

Notes
Turn   | Place    | Note
-------+----------+-------------------------------------------
     0 | D:1      | Morbidden the High Elf Fighter began the quest for the Orb.
     0 | D:1      | Reached XP level 1. HP: 16/16 MP: 2/2
   151 | D:1      | Reached XP level 2. HP: 13/21 MP: 3/3
   756 | D:1      | Reached XP level 3. HP: 18/26 MP: 4/4
  1181 | D:2      | Noticed Robin
  1192 | D:2      | Reached skill level 3 in Long Blades
  1823 | D:2      | Killed Robin
  1823 | D:2      | Reached XP level 4. HP: 13/33 MP: 5/5
  2032 | D:2      | Found a shimmering altar of Xom.
  2189 | D:2      | Noticed Terence
  2202 | D:2      | Killed Terence
  2384 | D:2      | Reached skill level 4 in Long Blades
  2941 | D:3      | Noticed Ijyb
  2946 | D:3      | Paralysed by Ijyb for 3 turns
  2954 | D:3      | Paralysed by Ijyb for 7 turns
  2963 | D:3      | Paralysed by Ijyb for 3 turns
  2975 | D:3      | Reached XP level 5. HP: 24/37 MP: 6/6
  2975 | D:3      | Paralysed by Ijyb for 6 turns
  3185 | D:3      | Noticed Xiguana's ghost (weakling HESu)
  3594 | D:4      | Found a sand-covered staircase.
  3602 | Ossuary  | Entered an ossuary
  3722 | Ossuary  | Reached skill level 5 in Long Blades
  4074 | Ossuary  | Reached XP level 6. HP: 32/43 MP: 7/7
  4183 | Ossuary  | Reached skill level 6 in Long Blades
  5044 | D:4      | Reached XP level 7. HP: 40/48 MP: 8/8
  5205 | D:4      | Reached skill level 7 in Long Blades
  5447 | D:4      | Found a faded altar of an unknown god.
  5447 | D:4      | Found a faded altar of an unknown god.
  5452 | D:4      | Found a faded altar of an unknown god.
  5454 | D:4      | Found an opulent altar of Gozag.
  5456 | D:4      | Found a faded altar of an unknown god.
  5837 | D:5      | Entered Level 5 of the Dungeon
  5837 | D:5      | Found a burning altar of Makhleb.
  5916 | D:5      | HP: 2/49 [acid (10)]
  6287 | D:5      | Found a runed door.
  6364 | D:5      | Noticed Grinder
  6386 | D:5      | Killed Grinder
  6386 | D:5      | Reached skill level 8 in Long Blades
  6400 | D:5      | Reached skill level 1 in Dodging
  6400 | D:5      | Reached XP level 8. HP: 14/54 MP: 9/9
  6795 | D:5      | Noticed Duvessa
  6795 | D:5      | Noticed Dowan
  6811 | D:5      | Killed Duvessa
  6837 | D:5      | Killed Dowan
  7019 | D:5      | Reached skill level 9 in Long Blades
  7509 | D:6      | Found an iron altar of Okawaru.
  7607 | D:6      | Reached skill level 10 in Long Blades
  7712 | D:6      | Reached XP level 9. HP: 30/60 MP: 10/10
  7890 | D:6      | Reached skill level 5 in Shields
  8039 | D:6      | Reached skill level 11 in Long Blades
  8083 | D:6      | Reached skill level 5 in Fighting
  8181 | D:6      | Found a staircase to the Ecumenical Temple.
  8187 | Temple   | Entered the Ecumenical Temple
  8371 | Temple   | Became a worshipper of Cheibriados the Contemplative
  8927 | D:7      | Reached skill level 1 in Invocations
  8953 | D:7      | Found a shattered altar of Ashenzari.
  9015 | D:7      | Reached * piety under Cheibriados
  9143 | D:7      | Reached skill level 5 in Armour
  9571 | D:6      | Reached skill level 12 in Long Blades
  9824 | D:8      | Reached ** piety under Cheibriados
  9904 | D:8      | Found a flagged portal.
  9940 | Bailey   | Entered a bailey
 10198 | Bailey   | Reached XP level 10. HP: 57/67 MP: 13/13
 10274 | Bailey   | Slain by an orc warrior

Skill      XL: |  1  2  3  4  5  6  7  8  9 10 |
---------------+-------------------------------+-----
Shields        | 3 4 5 6 |  6.0
Long Blades    | 3 4 5 6 8 10 12 | 12.4
Armour         | 3 4 5 |  5.3
Fighting       | 4 5 |  5.6
Dodging        | 1 2 |  2.5
Invocations    | 2 |  2.9
Evocations     | |  0.2

Action                   |  1- 3 |  4- 6 |  7- 9 | 10-12 || total
-------------------------+-------+-------+-------+-------++-------
Melee: Long sword        |   139 |   309 |   476 |       ||   924
       Scimitar          |       |       |   160 |    18 ||   178
Evoke: Wand              |       |       |    12 |       ||    12
  Use: Scroll            |       |     6 |     8 |       ||    14
       Potion            |       |     1 |    12 |     8 ||    21
 Stab: Confused          |       |       |     2 |       ||     2
  Eat: Chunk             |     2 |     8 |    15 |       ||    25
       Bread ration      |       |     1 |       |       ||     1
       Fruit             |       |       |     3 |       ||     3
Armor: Scale mail        |    66 |     8 |       |       ||    74
       Chain mail        |       |   154 |   264 |       ||   418
       Skin              |       |       |    31 |       ||    31
       Plate armour      |       |       |    98 |     7 ||   105
Dodge: Dodged            |    38 |    62 |   147 |     5 ||   252
Block: Shield            |    75 |   157 |   366 |    23 ||   621
       Rpst.: Long sword |    13 |    22 |    35 |       ||    70
       Scimitar          |       |       |     6 |       ||     6
